 Dungeon Sprint DCSS version 0.22.1-2-g9c5b331 (webtiles) character file.

384 diana the Covert (level 6, -2/75 HPs)
             Began as a Gnoll Wanderer on Dec 27, 2018.
             Slain by a neqoxec (7 damage)
             ... in the Dungeon (Sprint II: "The Violet Keep of Menkaure").
             The game lasted 00:00:52 (28 turns).

diana the Covert (Gnoll Wanderer)                     Turns: 28, Time: 00:00:53

Health: -2/75      AC:  1    Str: 15    XL:     6   Next: 77%
Magic:  9/16       EV: 15    Int: 14    God:
Gold:   0          SH:  0    Dex: 15    Spells: 19/19 levels left

rFire    . . .     SeeInvis .   a - +2 dagger
rCold    . . .     Gourm    .   (no shield)
rNeg     . . .     Faith    .   e - +0 robe
rPois    .         Spirit   .   (no helmet)
rElec    .         Reflect  .   (no cloak)
rCorr    .         Harm     .   (no gloves)
MR       .....     NoTele   +   (no boots)
Stlth    ..........             (no amulet)
HPRegen  0.22/turn              (no ring)
MPRegen  0.15/turn              (no ring)

@: berserking (expiring), very quick
A: distributed training, fangs 1, blurry vision 1, clumsy 2, deformed body, weak
1, strong nose
a: no special abilities


You were in the Dungeon.
You were not hungry.

You visited 1 branch

Inventory:

Hand Weapons
 a - a +2 dagger (weapon)
Armour
 e - a +0 robe (worn)
Scrolls
 b - 2 scrolls of blinking
Potions
 g - a potion of curing
 h - a potion of heal wounds
 i - a potion of haste
 j - 2 potions of magic
Comestibles
 f - a ration


   Skills:
 + Level 4.8 Fighting
 + Level 4.8 Short Blades
 + Level 4.8 Long Blades
 + Level 4.8 Axes
 + Level 4.8 Maces & Flails
 + Level 4.8 Polearms
 + Level 4.8 Staves
 + Level 4.8 Slings
 + Level 4.8 Bows
 + Level 4.8 Crossbows
 + Level 4.8 Throwing
 + Level 4.8 Armour
 + Level 5.5 Dodging
 + Level 9.2 Stealth
 + Level 4.8 Shields
 + Level 4.8 Unarmed Combat
 + Level 7.0 Spellcasting
 + Level 4.0 Conjurations
 + Level 4.0 Hexes
 + Level 4.0 Charms
 + Level 4.0 Summonings
 + Level 6.8 Necromancy
 + Level 4.0 Translocations
 + Level 4.0 Transmutations
 + Level 4.0 Fire Magic
 + Level 4.0 Ice Magic
 + Level 4.0 Air Magic
 + Level 4.0 Earth Magic
 + Level 4.0 Poison Magic
 + Level 5.3 Invocations
 + Level 4.8 Evocations


You had 19 spell levels left.
You didn't know any spells.
Your spell library contained the following spells:

 Spells                   Type           Power        Failure   Level  Hunger
 Animate Skeleton         Necr           N/A          1%          1    None
 Beastly Appendage        Tmut           ###...       2%          1    None
 Vampiric Draining        Necr           ###.......   2%          3    ##.....
 Ignite Poison            Fire/Tmut/Pois ###.....     9%          3    ##.....


Dungeon Overview and Level Annotations

Branches:
Dungeon (1/1)

Altars:


Innate Abilities, Weirdness & Mutations

Your experience applies equally to all skills.
You have very sharp teeth.
Your uncanny sense of smell can sniff out nearby items.
Scrolls take you a little longer to read.
You are very clumsy. (Dex -4)
Armour fits poorly on your strangely shaped body.
You are weak. (Str -2)


Message History

The neqoxec is lightly wounded.
The neqoxec gestures.
You hit the neqoxec.
The neqoxec is moderately wounded.
You puncture the neqoxec!
The neqoxec is severely wounded.
The neqoxec closely misses you. The crimson imp barely misses you.
You miss the neqoxec. Your punch misses the neqoxec.
The neqoxec is severely wounded.
You closely miss the neqoxec.
The neqoxec is severely wounded.
The neqoxec hits you.
* * * LOW HITPOINT WARNING * * *
The crimson imp misses you.
You closely miss the neqoxec. Your punch misses the neqoxec.
The neqoxec is severely wounded.
You puncture the neqoxec!
The neqoxec is almost dead.
The neqoxec hits you!
You die...

∆ ∆ ##
#.# #+#
#.##.##
#5@.<.+
#53##.##∆
#5# #+#
## ∆ ∆ ∆


You could see a neqoxec, a crimson imp and 2 shadow imps.

Vanquished Creatures
  3 neqoxecs (D)
3 creatures vanquished.

Notes
Turn   | Place    | Note
-------+----------+-------------------------------------------
     0 | D        | diana the Gnoll Wanderer began the quest for the Orb.
     0 | D        | diana set off with: a +2 dagger, 2 scrolls of blinking, a
                  | +0 robe, a ration, a potion of curing, a potion of heal
                  | wounds, a potion of haste, 2 potions of magic, a potion of
                  | berserk rage
     0 | D        | Reached XP level 1. HP: 13/13 MP: 6/6
     2 | D        | Noticed a neqoxec
     2 | D        | Noticed a neqoxec
     2 | D        | Noticed a neqoxec
     2 | D        | Noticed a neqoxec
     6 | D        | Killed a neqoxec
     6 | D        | Reached skill level 8 in Stealth
     6 | D        | Reached skill level 5 in Spellcasting
     6 | D        | Reached XP level 2. HP: 24/24 MP: 6/8
     6 | D        | Reached XP level 3. HP: 29/29 MP: 7/10
     6 | D        | Reached XP level 4. HP: 35/35 MP: 7/11
     6 | D        | Reached XP level 5. HP: 41/41 MP: 8/13
     6 | D        | Gained mutation: You are clumsy. (Dex -2) [a neqoxec]
     7 | D        | Gained mutation: Armour fits poorly on your strangely
                  | shaped body. [a neqoxec]
     9 | D        | Gained mutation: You are very clumsy. (Dex -4) [a neqoxec]
    12 | D        | Killed a neqoxec
    12 | D        | Reached XP level 6. HP: 48/48 MP: 8/15
    16 | D        | Gained mutation: You are weak. (Str -2) [a neqoxec]
    19 | D        | Killed a neqoxec
    19 | D        | Reached skill level 5 in Dodging
    19 | D        | Reached skill level 9 in Stealth
    19 | D        | Reached skill level 5 in Invocations
    21 | D        | Gained mutation: Scrolls take you a little longer to read.
                  | [a neqoxec]
    28 | D        | Slain by a neqoxec

Skill      XL: |  1  2  3  4  5  6 |
---------------+-------------------+-----
Fighting       | 3 4 |  4.8
Short Blades   | 3 4 |  4.8
Long Blades    | 3 4 |  4.8
Axes           | 3 4 |  4.8
Maces & Flails | 3 4 |  4.8
Polearms       | 3 4 |  4.8
Staves         | 3 4 |  4.8
Slings         | 3 4 |  4.8
Bows           | 3 4 |  4.8
Crossbows      | 3 4 |  4.8
Throwing       | 3 4 |  4.8
Armour         | 3 4 |  4.8
Dodging        | 4 5 |  5.5
Stealth        | 8 9 |  9.2
Shields        | 3 4 |  4.8
Unarmed Combat | 3 4 |  4.8
Spellcasting   | 5 6 7 |  7.0
Conjurations   | 2 3 4 |  4.0
Hexes          | 2 3 4 |  4.0
Charms         | 2 3 4 |  4.0
Summonings     | 2 3 4 |  4.0
Necromancy     | 6 |  6.8
Translocations | 2 3 4 |  4.0
Transmutations | 2 3 4 |  4.0
Fire Magic     | 2 3 4 |  4.0
Ice Magic      | 2 3 4 |  4.0
Air Magic      | 2 3 4 |  4.0
Earth Magic    | 2 3 4 |  4.0
Poison Magic   | 2 3 4 |  4.0
Invocations    | 3 4 5 |  5.3
Evocations     | 3 4 |  4.8

Action                   |  1- 3 |  4- 6 || total
-------------------------+-------+-------++-------
Melee: Dagger            |     3 |    21 ||    24
       Punch             |       |     2 ||     2
       Bite              |       |     1 ||     1
  Use: Potion            |       |     1 ||     1
 Stab: Sleeping          |     1 |       ||     1
Armor: Robe              |       |     1 ||     1
Dodge: Dodged            |       |     5 ||     5
